 Dungeon Crawl Stone Soup version 0.26.0-10-g1f06aea511 (webtiles) character file.

Game seed: 4730801235779639621

137 Dracia the Poker (level 5, 0/41 HPs)
             Began as a Demonspawn Gladiator on Jan 16, 2021.
             Was an Initiate of Makhleb.
             Slain by Crazy Yiuf
             ... wielding a +3 quarterstaff of chaos
              (19 damage)
             ... on level 2 of the Dungeon.
             The game lasted 00:03:01 (2328 turns).

Dracia the Poker (Demonspawn Gladiator)             Turns: 2328, Time: 00:03:02

Health: 0/41       AC:  8    Str: 15    XL:     5   Next: 0%
Magic:  5/5        EV: 12    Int: 10    God:    Makhleb [......]
Gold:   102        SH:  0    Dex: 14    Spells: 4/4 levels left

rFire    . . .     SeeInvis .   a - +1 trident
rCold    . . .     Faith    .   (no shield)
rNeg     . . .     Spirit   .   g - +0 leather armour
rPois    .         Reflect  .   c - +2 helmet
rElec    .         Harm     .   (no cloak)
rCorr    .         Rampage  .   u - +0 pair of gloves
Will     .....                  j - +0 pair of boots
Stlth    +.........             (no amulet)
HPRegen  0.13/turn              (no ring)
MPRegen  0.09/turn              (no ring)

@: lethally poisoned (0 -> -5), slowed, very slow
A: hooves 1, foul stench 1, miasma immunity
a: Renounce Religion


You were on level 2 of the Dungeon.
You worshipped Makhleb.
Makhleb was noncommittal.
You visited 1 branch of the dungeon, and saw 2 of its levels.

You collected 102 gold pieces.


Innate Abilities, Weirdness & Mutations

You have large cloven feet.
You may emit foul miasma when damaged in melee.
You are immune to miasma.


   Skills:
 + Level 3.1 Fighting
 * Level 4.6 Polearms
 - Level 1.7 Throwing
 - Level 2.6 Dodging
 + Level 0.5 Invocations


You had 4 spell levels left.
You didn't know any spells.
Your spell library was empty.

Inventory:

Hand Weapons
 a - a +1 trident (weapon)
 o - a +0 hunting sling
Missiles
 d - 2 throwing nets (quivered) {=f=f}
Armour
 c - a +2 helmet (worn)
 g - a +0 leather armour (worn)
 j - a +0 pair of boots (worn)
 u - a +0 pair of gloves (worn)
Jewellery
 b - an uncursed ring of fire {unknown}
 r - an uncursed ring of resist corrosion {unknown}
 t - a cursed -4 ring of protection {unknown}
Scrolls
 m - 2 scrolls of amnesia
 n - a scroll of teleportation {@r4@r4}
Potions
 e - 2 potions of cancellation {unknown}
 f - a potion of curing {unknown}
 h - a potion of brilliance {unknown}
 i - 2 potions of berserk rage {unknown}
 q - a potion of flight {unknown}
 s - 2 potions of mutation {unknown}
 v - 2 potions of heal wounds {unknown}

Dungeon Overview and Level Annotations

Branches:
Dungeon (2/15)

Altars:
Makhleb

Annotations:
D:2 Crazy Yiuf

....##.......#####.#.####........
#....'.............#<..##..######
#..###.......#######.#.##..# #..#
#....#### #######.# #..# #....#
#.# #..# #....# #.### ...# ######
#### ♣♣##...# ..######### #)..#♣♣
♣♣....#.# ..........#
#..g@.♣♣♣♣.......# #.#########
#...#♣..♣........# ..........#
#### ♣♣♣.♣....#### #.#########
♣♣♣♣♣######### #.# #....... #.#
##### ######## ######## #.# #...#
#.#.##.# #.# #...# ####'#....#
#.# #...# #.....#####


You could see Crazy Yiuf (sick).


Message History

Press: ? - help, Dir - move target
As you read the scroll labelled ZAEMYI BUOCOH, it crumbles to dust.
It was a scroll of blinking.
Okay, then.
There is a stone staircase leading down here.
You see here a club.
As you open the door, it creaks loudly!
Crazy Yiuf yells, "Spliff!
Peeping tortoise testudinal."
Crazy Yiuf misses you.
There is an open translucent door here.
You barely miss Crazy Yiuf.
Crazy Yiuf hits you with a +3 quarterstaff of chaos.
You are electrocuted!
Crazy Yiuf looks sick.
You closely miss Crazy Yiuf.
Unknown command.
You barely miss Crazy Yiuf. Crazy Yiuf barely misses you.
Unknown command.
You barely miss Crazy Yiuf. Crazy Yiuf closely misses you.
Unknown command.
You barely miss Crazy Yiuf. Crazy Yiuf hits you but does no damage.
You are poisoned.
You barely miss Crazy Yiuf.
You feel sick.
Crazy Yiuf hits you with a +3 quarterstaff of chaos!
* * * LOW HITPOINT WARNING * * *
You feel yourself slow down.
You barely miss Crazy Yiuf.
You feel sick. Crazy Yiuf hits you but does no damage.
You are electrocuted!!
You die...

Skill      XL: |  1  2  3  4 |
---------------+-------------+-----
Polearms       | 3 4 |  4.6
Fighting       | 3 |  3.1
Throwing       | |  1.7
Dodging        | |  2.6
Invocations    | |  0.5

Action                   |  1- 3 |  4- 6 || total
-------------------------+-------+-------++-------
Melee: Trident           |   108 |    70 ||   178
Throw: Throwing net      |     1 |       ||     1
  Use: Scroll            |       |     7 ||     7
 Stab: Sleeping          |     4 |     1 ||     5
       Held in net/web   |     1 |       ||     1
Armor: Leather armour    |    24 |    21 ||    45
Dodge: Dodged            |    58 |    44 ||   102

Levels and vault maps discovered:
D:1:      kilobyte_arrival_exit_the_forest, layout_loops_cross
D:2:      layout_basic, makhleb_blood_cavern_becter, uniq_crazy_yiuf_cottage,
          uniq_terence

Notes
Turn   | Place    | Note
-------+----------+-------------------------------------------
     0 | D:1      | Dracia the Demonspawn Gladiator began the quest for the
                  | Orb.
     0 | D:1      | Reached XP level 1. HP: 16/16 MP: 1/1
   156 | D:1      | Reached skill level 3 in Polearms
   195 | D:1      | Gained mutation: You are immune to miasma. [demonic
                  | ancestry]
   195 | D:1      | Reached XP level 2. HP: 22/22 MP: 2/2
   657 | D:1      | Gained mutation: You may emit foul miasma when damaged in
                  | melee. [demonic ancestry]
   657 | D:1      | Reached XP level 3. HP: 28/28 MP: 3/3
  1275 | D:2      | Noticed Terence
  1283 | D:2      | Killed Terence
  1284 | D:2      | Reached skill level 4 in Polearms
  1284 | D:2      | Reached XP level 4. HP: 34/34 MP: 4/4
  1350 | D:2      | Found a burning altar of Makhleb.
  1362 | D:2      | Reached skill level 3 in Fighting
  1370 | D:2      | Became a worshipper of Makhleb the Destroyer
  1696 | D:2      | Gained mutation: You have large cloven feet. [demonic
                  | ancestry]
  1696 | D:2      | Reached XP level 5. HP: 33/41 MP: 5/5
  2179 | D:2      | Found a runed translucent door.
  2180 | D:2      | Noticed Crazy Yiuf
  2328 | D:2      | Slain by Crazy Yiuf

Vanquished Creatures
  A hound (D:2)
  Terence (D:2)
  3 adders (D:2)
  A worm (D:2)
  2 dart slugs (D:1)
  A leopard gecko (D:1)
  A ball python (D:1)
  6 giant cockroaches
  5 goblins
  4 hobgoblins
  6 jackals
  5 bats
  7 frilled lizards
  3 kobolds (D:1)
  3 rats (D:1)
49 creatures vanquished.

Table legend: (Time is in decaauts)
 A = Elapsed time spent in this place.
 B = Non-inter-level travel time spent in this place.
 C = Inter-level travel time spent in this place.
 D = Time resting spent in this place.
 E = Time spent auto-exploring this place.
 F = Levels seen in this place.
 G = Mean time per level.
                   A        B        C        D        E       F      G
               +--------+--------+--------+--------+--------+-----+--------+
         Total |   2352 |   2275 |     77 |      0 |   1922 |   2 | 1176.0 |
       Dungeon |   2352 |   2275 |     77 |      0 |   1922 |   2 | 1176.0 |
               +--------+--------+--------+--------+--------+-----+--------+

Top non-repeatable levels by time:
     D:2: 1456 daAuts
     D:1: 895 daAuts

Table legend:
 A = Non-vault XP
 B = Vault XP
 C = Vault XP percentage of total XP
 D = Non-vault monster count
 E = Vault monster count
 F = Vault count percentage of total count
                 A         B        C        D         E       F
            +---------+---------+-------+---------+---------+-------
      Total |     122 |      75 |  38.1 |      47 |       2 |   4.1
            +---------+---------+-------+---------+---------+-------
        D:1 |      46 |       0 |   0.0 |      25 |       0 |   0.0
        D:2 |      76 |      75 |  49.7 |      22 |       2 |   8.3
            +---------+---------+-------+---------+---------+-------
